AoeStats
← ccereal

Arabia

509964668Analyzed
2v2 RM · 3d ago on Sep 28, 2026· 38m 4s· 4 players
Game mode
Random Map
Map size
Medium (4 player)
Population
200
Speed
Normal
Resources
Standard
Victory
Conquest
Starting age
Dark Age
Ending age
Imperial Age
RankedLock teamsTeams togetherTeam positionsShared explorationLock speedFull tech treeHidden civsTurbo modeCheats
Victory
Defeat
🇫🇷 Mongols · France
1581
+11
🇫🇷 Vietnamese · France
1483
+14
🇬🇧 Aztecs · United Kingdom
1467
-13
🇵🇹 Varangians · Portugal
1450
-12
ccereal
5:33 Loom
7:50 Feudal Age
8:53 Double-Bit Axe
9:06 Horse Collar
13:13 Forging
19:32 Bloodlines
20:46 Wheelbarrow
24:41 Castle Age
23:14 Scale Barding Armor
24:01 Gold Mining
25:35 Bow Saw
25:34 Husbandry
25:56 Chain Barding Armor
26:52 Heavy Plow
28:54 Gold Shaft Mining
29:25 Light Cavalry
31:32 Iron Casting
30:56 Town Watch
36:32 Fletching
Flybidi
5:44 Loom
8:42 Feudal Age
12:39 Fletching
19:58 Double-Bit Axe
19:54 Horse Collar
24:43 Castle Age
25:21 Bodkin Arrow
25:17 Crossbowman
25:17 Elite Skirmisher
27:54 Bow Saw
28:11 Padded Archer Armor
29:57 Ballistics
33:03 Thumb Ring
33:51 Leather Archer Armor
_n0ne_
7:40 Loom
9:44 Feudal Age
10:36 Double-Bit Axe
10:13 Man-at-Arms
20:03 Castle Age
19:29 Scale Mail Armor
19:39 Forging
19:15 Arson
21:01 Chain Mail Armor
20:09 Eagle Warrior
25:15 Squires
33:56 Horse Collar
35:08 Bow Saw
37:32 Wheelbarrow
38:17 Iron Casting
37:33 Gold Mining
Vegeta
6:29 Loom
9:03 Feudal Age
9:48 Double-Bit Axe
13:07 Horse Collar
15:15 Scale Barding Armor
16:12 Bloodlines
20:35 Forging
22:19 Wheelbarrow
25:42 Castle Age
25:12 Gold Mining
26:35 Bow Saw
26:39 Husbandry
27:01 Heavy Plow
28:18 Chain Barding Armor
30:30 Hand Cart
32:51 Iron Casting
Connection lost

Rejoining the realm…

Still unreachable

The connection could not be restored.

Session expired

The server has moved on; the page needs a fresh start.